ally op!

Match 31711272
End
Construct Section Command Post
Dingo Light Scout Car
Selects Heavy Armor Battlegroup
Dingo Light Scout Car
Vickers Machine Gun Team
Infantry Section
Infantry Section
Construct Platoon Command Post
Humber Armored Car
Selects Light Vehicle Withdraw and Refit
Selects Rigorous Vehicle Training
Infantry Section
Humber Armored Car
Light Vehicle Withdraw and Refit
Light Vehicle Withdraw and Refit
Construct Company Command Post
Infantry Training
Selects Crusader AA Medium Tank
Selects Radio Net
Foot Guards Section
6-pounder Anti-tank Gun Team
Crusader II Medium Tank
Selects Recon Artillery
Recon Artillery
Crusader II Medium Tank
Selects Crusader AA Medium Tank
Crusader II Medium Tank
Crusader II Medium Tank
Recon Artillery
Crusader II Medium Tank
Recon Artillery
Crusader II Medium Tank
Foot Guards Section
Crusader II Medium Tank
Royal Engineer Section
Recon Artillery
Construct Field Infirmary
Crusader II Medium Tank
Recon Artillery
Selects Churchill Black Prince Heavy Tank
Churchill Black Prince Heavy Tank
Unlock M3 Grant Medium Tanks
M3 Grant Medium Tank
Recon Artillery
M3 Grant Medium Tank
LeeInfy
Hunter Blacked™
TieRant
딸기공주
我小叮当今晚要搞事!
[Ace] Mango Rage
ikire
Konrad Curze
0
0

Comments sign in to comment!

No comments posted yet!